[Event "Titled Tuesday Blitz June 21 Early 2022"]
[White "Carrasco Miranda, Andres"]
[Black "Horak, Martin"]
[WhiteFideId "3405990"]
[BlackFideId "367095"]
[WhiteElo "2177"]
[BlackElo "1997"]
[Result "1-0"]
[Round "11"]
[TimeControl "180+1"]
[Date "2022.06.22"]
[WhiteClock "0:02:25"]
[BlackClock "0:00:24"]

1. d4 Nf6 2. c4 e6 3. g3 d5 4. Bg2 dxc4 5. Nf3 Nc6 6. O-O Rb8 7. Nc3 Bb4 8. e3 O-O 9. Qe2 b5 10. Rd1 a6 11. e4 Re8 12. a3 Bxc3 13. bxc3 Na5 14. Bg5 h6 15. Bh4 Nb3 16. Rab1 g5 17. Nxg5 hxg5 18. Bxg5 Bb7 19. e5 Bxg2 20. Bxf6 1-0


[Site "https://www.chess.com"]

[Event "Titled Tuesday Blitz June 21 Early 2022"]
[White "Cherniaiev, Tykhon"]
[Black "Karttunen, Mika"]
[WhiteFideId "14182360"]
[BlackFideId "502081"]
[WhiteElo "2289"]
[BlackElo "2343"]
[Result "1/2-1/2"]
[Round "11"]
[TimeControl "180+1"]
[Date "2022.06.21"]
[WhiteClock "0:00:08"]
[BlackClock "0:00:18"]

1. Nf3 Nf6 2. d4 g6 3. g3 Bg7 4. Bg2 O-O 5. O-O d6 6. c4 c6 7. Nc3 Bf5 8. h3 Ne4 9. Nxe4 Bxe4 10. b3 c5 11. Bb2 Nc6 12. e3 d5 13. Rc1 dxc4 14. bxc4 Rb8 15. Qb3 Bxf3 16. Bxf3 cxd4 17. exd4 Nxd4 18. Bxd4 Bxd4 19. Rfd1 e5 20. c5 Qe7 21. Qb5 Rfc8 22. Rc4 Rxc5 23. Rxc5 Qxc5 24. Qxc5 Bxc5 25. Rd7 b5 26. Bd5 Rf8 27. Rc7 Bb6 28. Re7 Bd4 29. Rb7 a6 30. Kg2 Kg7 31. Rd7 b4 32. Bb3 h5 33. f4 Bc3 34. fxe5 Bxe5 35. Ra7 a5 36. Rxa5 f6 37. Rc5 Rd8 38. Bd5 Kh6 39. Kf3 Bd4 40. Rb5 Bc3 41. g4 h4 42. Rc5 Rd7 43. Be4 Rd1 44. g5+ fxg5 45. Rc6 Rf1+ 46. Kg2 Rf6 47. Rxf6 Bxf6 48. Kf3 Kh5 49. Bd5 g4+ 50. hxg4+ Kg5 51. Be6 Be5 52. Kg2 Kf4 53. Kh3 g5 54. Bb3 Bd4 55. Bc4 1/2-1/2


[Site "https://www.chess.com"]

[Event "Titled Tuesday Blitz June 21 Early 2022"]
[White "Ciuffoletti, Paolo"]
[Black "Prieto Aranguren, Alain"]
[WhiteFideId "807630"]
[BlackFideId "2268906"]
[WhiteElo "2143"]
[BlackElo "2224"]
[Result "0-1"]
[Round "11"]
[TimeControl "180+1"]
[Date "2022.06.22"]
[WhiteClock "0:00:02"]
[BlackClock "0:00:07"]

1. e4 c6 2. d4 d5 3. exd5 cxd5 4. c4 Nf6 5. Nc3 g6 6. Qb3 Bg7 7. cxd5 O-O 8. Be2 Na6 9. Bf3 Qb6 10. Nge2 Rd8 11. O-O Qxb3 12. axb3 Nb4 13. Bg5 h6 14. Bxf6 Bxf6 15. Rfd1 a6 16. Ra4 Nc2 17. Rd2 b5 18. Nxb5 Bd7 19. Rxc2 Bxb5 20. Ra5 Rac8 21. Rd2 Bxe2 22. Bxe2 Rc1+ 23. Rd1 Rdc8 24. Kf1 Bxd4 25. Rxa6 R8c2 26. g3 Rxd1+ 27. Bxd1 Rxf2+ 28. Ke1 Rxb2 29. d6 exd6 30. Rxd6 Bc3+ 31. Kf1 Rxh2 32. Be2 h5 33. Bc4 Rd2 34. Rxd2 Bxd2 35. Ke2 Bb4 36. Kf3 Kg7 37. Bb5 f6 38. Be8 Kh6 39. Bf7 Kg5 40. Be8 Kf5 41. Bd7+ Ke5 42. Be8 Kf5 43. Bd7+ Kg5 44. Be8 Kh6 45. Bf7 g5 46. Be8 Be1 47. Bf7 f5 48. Be6 Kg6 49. Bd7 Bd2 50. Be8+ Kh6 51. Bd7 g4+ 52. Kf2 Kg5 53. Be6 f4 54. gxf4+ Kxf4 55. Bd7 h4 56. Kg2 h3+ 57. Kh2 Be1 58. Bc8 Bg3+ 59. Kg1 Be1 60. Kh2 Bb4 61. Bd7 Bd6 62. Bc6 Kg5+ 63. Kh1 Kh4 64. Bd5 g3 65. Bc6 Kg5 66. Bd5 Kf4 67. Bc6 Ke3 68. Kg1 Bc5 69. Bd5 Ke2+ 70. Kh1 Kf2 71. Bg2 hxg2# 0-1


[Site "https://www.chess.com"]

[Event "Titled Tuesday Blitz June 21 Early 2022"]
[White "Clawitter, Craig"]
[Black "Cramling Bellon, Anna"]
[WhiteFideId "2023105"]
[BlackFideId "32009232"]
[WhiteElo "2266"]
[BlackElo "1905"]
[Result "1-0"]
[Round "11"]
[TimeControl "180+1"]
[Date "2022.06.22"]
[WhiteClock "0:00:05"]
[BlackClock "0:00:01"]

1. e4 c5 2. Nf3 e6 3. d4 cxd4 4. Nxd4 Nf6 5. Bd3 Nc6 6. Nxc6 bxc6 7. c4 e5 8. Nc3 Bb4 9. O-O O-O 10. Kh1 Bxc3 11. bxc3 d5 12. Qe2 dxe4 13. Bxe4 Nxe4 14. Qxe4 Qd6 15. a4 f5 16. Qh4 f4 17. Ba3 c5 18. Rfd1 Qc6 19. Rab1 Bb7 20. Rd5 Rad8 21. Qe7 Rxd5 22. cxd5 Qxa4 23. Bxc5 Rb8 24. h3 Qa6 25. Bd6 f3 26. Bxb8 fxg2+ 27. Kh2 Qa4 28. Bxe5 Bxd5 29. Qxg7# 1-0


[Site "https://www.chess.com"]

[Event "Titled Tuesday Blitz June 21 Early 2022"]
[White "Csonka, Balazs"]
[Black "Chigaev, Maksim"]
[WhiteFideId "742910"]
[BlackFideId "4108116"]
[WhiteElo "2404"]
[BlackElo "2457"]
[Result "1/2-1/2"]
[Round "11"]
[TimeControl "180+1"]
[Date "2022.06.21"]
[WhiteClock "0:00:17"]
[BlackClock "0:00:16"]

1. d4 d5 2. c4 c6 3. Nc3 Nf6 4. cxd5 cxd5 5. Bf4 Nc6 6. e3 a6 7. Nf3 Bg4 8. h3 Bxf3 9. Qxf3 e6 10. Bd3 Bd6 11. Bg5 Be7 12. O-O Nb4 13. Be2 Rc8 14. Rfc1 h6 15. Bxf6 Bxf6 16. a3 Nc6 17. Na4 O-O 18. Nc5 Rc7 19. Nxb7 Nxd4 20. Nxd8 Nxf3+ 21. gxf3 Rxc1+ 22. Rxc1 Rxd8 23. Bxa6 Bxb2 24. Rc8 Rxc8 25. Bxc8 Bxa3 26. f4 g5 27. fxg5 hxg5 28. Kg2 Kg7 29. Kf3 Kf6 30. Kg4 Kg6 31. Ba6 Bc5 32. Bc8 Bb6 33. Bd7 f5+ 34. Kf3 Kf6 35. Bc8 e5 36. Bb7 e4+ 37. Ke2 Ke5 38. Bc6 f4 39. exf4+ gxf4 40. f3 Bd8 41. Bb7 Bh4 42. Bc6 Bg3 43. Bb7 Kd4 44. Ba8 exf3+ 45. Kxf3 Kc4 46. h4 d4 47. Be4 d3 48. Bxd3+ Kxd3 49. h5 Be1 50. Kxf4 Bc3 51. Kf5 Bb2 52. Kg6 Bc3 53. h6 Bb2 54. h7 Bc3 55. h8=Q Bxh8 1/2-1/2


[Site "https://www.chess.com"]

[Event "Titled Tuesday Blitz June 21 Early 2022"]
[White "Cunha, Lucas Aguiar"]
[Black "Pinheiro, Iung Alicio de O."]
[WhiteFideId "2125404"]
[BlackFideId "2104350"]
[WhiteElo "2328"]
[BlackElo "2283"]
[Result "1/2-1/2"]
[Round "11"]
[TimeControl "180+1"]
[Date "2022.06.21"]
[WhiteClock "0:00:23"]
[BlackClock "0:00:22"]

1. e4 c5 2. Nf3 Nc6 3. Nc3 e5 4. Bc4 Be7 5. d3 d6 6. Nd2 Bg5 7. Nf1 Bxc1 8. Qxc1 Nge7 9. Ne3 O-O 10. O-O Rb8 11. a4 a6 12. f3 Nd4 13. Qd2 Kh8 14. f4 exf4 15. Rxf4 Be6 16. Raf1 Kg8 17. Bxe6 Nxe6 18. R4f2 b5 19. axb5 axb5 20. b4 Nc7 21. Ne2 cxb4 22. Qxb4 d5 23. Ng3 dxe4 24. Nxe4 Ncd5 25. Nxd5 Nxd5 26. Qd4 b4 27. h3 Nc3 28. Qc4 Nxe4 29. Rxf7 Qb6+ 30. R7f2+ Kh8 31. Qxe4 Rxf2 32. Rxf2 Rf8 33. d4 Rc8 34. Qf5 Qd8 35. d5 h6 36. Qe5 Qe8 37. Qxe8+ Rxe8 38. Rd2 Kg8 39. Kf2 Kf7 40. Rd4 Rc8 41. Rxb4 Rxc2+ 42. Kf3 Kf6 43. Rb7 Rd2 44. Rb5 Ke5 45. Rb7 g5 46. Rh7 Kf5 47. Rxh6 Rd3+ 48. Kf2 Rxd5 49. Kg3 Rd3+ 50. Kh2 Ra3 51. Rb6 Ra2 52. Rb5+ Kg6 53. Rb3 Ra4 54. Kg3 Kh6 55. Re3 Rc4 56. Re6+ Kh5 57. Kh2 g4 58. hxg4+ Kxg4 59. Rh6 Rc8 60. Rh7 Kg5 61. Rh3 Kg4 62. Ra3 Kg5 63. Kg3 Rc4 64. Ra5+ Kg6 65. Kh3 Rb4 66. g3 Rc4 67. Rd5 Rb4 68. Ra5 Rc4 69. Ra2 Rb4 70. Rf2 Kg5 71. Rf1 Rc4 72. Rd1 Rb4 73. Kg2 Rb2+ 74. Kh3 Rb4 75. Rd5+ Kg6 76. Kg2 Ra4 77. Re5 Rb4 78. Kf3 Ra4 79. Re4 Rxe4 80. Kxe4 Kg5 81. Kf3 Kf5 82. g4+ Kg5 83. Kg3 Kg6 84. Kf4 Kf6 85. g5+ Kg6 86. Kg4 Kg7 87. Kf5 Kf7 88. g6+ Kg7 89. Kg5 Kg8 90. Kf6 Kf8 91. Kf5 Kg7 92. Kg5 Kg8 93. Kh6 Kh8 94. g7+ Kg8 95. Kg6 1/2-1/2


[Site "https://www.chess.com"]

[Event "Titled Tuesday Blitz June 21 Early 2022"]
[White "Daeschler, Florian"]
[Black "Tologon tegin, Semetei"]
[WhiteFideId "20678193"]
[BlackFideId "13800574"]
[WhiteElo "2221"]
[BlackElo "2174"]
[Result "1-0"]
[Round "11"]
[TimeControl "180+1"]
[Date "2022.06.22"]
[WhiteClock "0:00:27"]
[BlackClock "0:00:01"]

1. d4 Nf6 2. c4 c5 3. d5 b5 4. cxb5 a6 5. bxa6 Bxa6 6. Nc3 d6 7. Nf3 g6 8. e4 Bxf1 9. Kxf1 Bg7 10. g3 O-O 11. Kg2 Nbd7 12. a4 Ng4 13. Qc2 Nge5 14. Nd2 Qb8 15. Nb5 c4 16. Ra3 Rc8 17. h4 h5 18. Nf1 Nd3 19. Ne3 Nb6 20. Rd1 Nxa4 21. Rxa4 Qxb5 22. Rxc4 Rxc4 23. Qxc4 Qxc4 24. Nxc4 Rc8 25. Rxd3 Rxc4 26. Bg5 f6 27. Bd2 Rxe4 28. b4 f5 29. b5 Bd4 30. Be3 Bxe3 31. Rxe3 Rb4 32. Rxe7 Rxb5 33. Re6 Rxd5 34. Rxg6+ Kh7 35. Rg5 Kh6 36. Kf3 Rc5 37. Kf4 Rc2 38. f3 Re2 39. Rxf5 Re6 40. Rg5 Rf6+ 41. Ke4 Re6+ 42. Kd5 Re3 43. f4 Rd3+ 44. Ke6 Rd1 45. Rd5 Rg1 46. Rd3 Kg6 47. f5+ Kg7 48. f6+ Kg6 49. Rf3 1-0


[Site "https://www.chess.com"]

[Event "Titled Tuesday Blitz June 21 Early 2022"]
[White "De Souza, Cristiano Gomes"]
[Black "parintele_chess"]
[WhiteFideId "2151758"]
[WhiteElo "2068"]
[BlackElo "2242"]
[Result "1/2-1/2"]
[Round "11"]
[TimeControl "180+1"]
[Date "2022.06.22"]
[WhiteClock "0:02:31"]
[BlackClock "0:02:08"]

1. d4 d5 2. c4 e6 3. Nf3 a6 4. Nc3 dxc4 5. a4 Nc6 6. e3 Na5 7. Ne5 c5 8. Nxc4 Nxc4 9. Bxc4 cxd4 10. exd4 Nf6 11. O-O Be7 12. d5 exd5 13. Nxd5 Nxd5 14. Qxd5 O-O 15. Rd1 Be6 16. Qxd8 Raxd8 17. Rxd8 Rxd8 18. Be2 Bf6 19. Be3 1/2-1/2


[Site "https://www.chess.com"]

[Event "Titled Tuesday Blitz June 21 Early 2022"]
[White "Deviprasath, Sharvesh"]
[Black "Al-Tarboush, Ward"]
[WhiteFideId "30938228"]
[BlackFideId "7601450"]
[WhiteElo "2102"]
[BlackElo "2249"]
[Result "0-1"]
[Round "11"]
[TimeControl "180+1"]
[Date "2022.06.22"]
[WhiteClock "0:02:47"]
[BlackClock "0:02:36"]

1. Nf3 b6 2. g3 Bb7 3. Bg2 e6 4. O-O Nf6 5. c4 Be7 6. Nc3 O-O 7. b3 d6 8. Bb2 Nbd7 9. d4 Ne4 10. Qc2 Ndf6 11. Rad1 Nxc3 12. Bxc3 Be4 13. Bb2 Bxc2 0-1


[Site "https://www.chess.com"]

[Event "Titled Tuesday Blitz June 21 Early 2022"]
[White "Dhanush, Bharadwaj"]
[Black "Gormally, Daniel W"]
[WhiteFideId "25058746"]
[BlackFideId "406465"]
[WhiteElo "2291"]
[BlackElo "2543"]
[Result "1/2-1/2"]
[Round "11"]
[TimeControl "180+1"]
[Date "2022.06.21"]
[WhiteClock "0:00:46"]
[BlackClock "0:01:08"]

1. Nf3 d5 2. c4 c6 3. b3 Bg4 4. e3 Nd7 5. Be2 Ngf6 6. Bb2 e6 7. O-O Bd6 8. h3 Bh5 9. d4 O-O 10. Nbd2 Qe7 11. Rc1 Ba3 12. Bxa3 Qxa3 13. Qc2 a5 14. Nb1 Qe7 15. Nc3 Bxf3 16. Bxf3 dxc4 17. bxc4 e5 18. d5 cxd5 19. Nxd5 Nxd5 20. Bxd5 Nf6 21. Qb2 Rab8 22. e4 b6 23. Rfd1 Nd7 24. Qb5 Nc5 25. Rc2 g6 26. Rcd2 Kg7 27. Qc6 f5 28. exf5 gxf5 29. Bf3 Rb7 30. Qxb7 Nxb7 31. Rd7 Rf7 32. Rxe7 Rxe7 33. Bxb7 Rxb7 34. Rb1 Rc7 35. Rxb6 Rxc4 36. Rb5 Rc1+ 37. Kh2 Rc2 38. Rxa5 Rxf2 39. Rxe5 Rxa2 40. Rxf5 Kg6 41. Rf3 h5 42. Re3 Ra4 43. Rd3 Kg5 44. Rg3+ Kh6 45. Rf3 Kg5 1/2-1/2


[Site "https://www.chess.com"]

[Event "Titled Tuesday Blitz June 21 Early 2022"]
[White "Einarsson, Halldor Gretar"]
[Black "Joubert, Dantelle"]
[WhiteFideId "2300150"]
[BlackFideId "14310813"]
[WhiteElo "2114"]
[BlackElo "1507"]
[Result "1-0"]
[Round "11"]
[TimeControl "180+1"]
[Date "2022.06.22"]
[WhiteClock "0:00:04"]
[BlackClock "0:00:23"]

1. d4 d5 2. Nf3 Nf6 3. g3 e6 4. Bg2 Be7 5. O-O O-O 6. c4 dxc4 7. Ne5 c5 8. dxc5 Bxc5 9. Qc2 Qe7 10. Nc3 Nc6 11. Nxc6 bxc6 12. Na4 Ba6 13. Nxc5 Qxc5 14. Bd2 Rab8 15. Rfc1 Qb5 16. b3 cxb3 17. axb3 Nd5 18. e4 Nc7 19. Bf1 Qb6 20. Ba5 Qb7 21. Bxc7 Bxf1 22. Bxb8 Bh3 23. Bd6 Rc8 24. Bc5 e5 25. Rxa7 Qb5 26. Qc4 Qxc4 27. Rxc4 Rd8 28. f4 Rd2 29. Ra8+ Rd8 30. Rxd8# 1-0


[Site "https://www.chess.com"]

[Event "Titled Tuesday Blitz June 21 Early 2022"]
[White "Estrada Nieto, Julian"]
[Black "Toncheva, Nadya"]
[WhiteFideId "5101018"]
[BlackFideId "2924056"]
[WhiteElo "2252"]
[BlackElo "1888"]
[Result "0-1"]
[Round "11"]
[TimeControl "180+1"]
[Date "2022.06.22"]
[WhiteClock "0:00:05"]
[BlackClock "0:00:18"]

1. e4 Nf6 2. e5 Nd5 3. d4 b5 4. Bxb5 c5 5. Bc4 Bb7 6. dxc5 e6 7. Nf3 Bxc5 8. O-O Be7 9. Nc3 Nxc3 10. bxc3 Qc7 11. Qe2 Nc6 12. Bf4 O-O 13. Bd3 g6 14. Rfe1 Na5 15. Be4 Qxc3 16. Bxb7 Nxb7 17. Rab1 Nc5 18. h4 Rfc8 19. h5 Na4 20. Rb7 Qc6 21. Reb1 Nc3 22. Qd3 Nxb1 23. Rxb1 Qxc2 24. Qxc2 Rxc2 25. Rb7 Rxa2 26. Rxd7 Kf8 27. h6 a5 28. Bg5 Re8 29. Ra7 a4 30. Bf6 Bc5 31. Rc7 Bxf2+ 32. Kh2 Be3 33. Ng5 Bxg5 34. Bxg5 a3 35. Ra7 Ra1 36. Bf6 a2 37. Kg3 Rc8 38. Bg7+ Ke8 39. Bf6 Rc3+ 40. Kf4 Rf1+ 41. Ke4 a1=Q 42. Rxa1 Rxa1 43. Kd4 Rg3 0-1


[Site "https://www.chess.com"]

[Event "Titled Tuesday Blitz June 21 Early 2022"]
[White "Fedoseev, Vladimir"]
[Black "Dubov, Daniil"]
[WhiteFideId "24130737"]
[BlackFideId "24126055"]
[WhiteElo "2726"]
[BlackElo "2791"]
[Result "1-0"]
[Round "11"]
[TimeControl "180+1"]
[Date "2022.06.21"]
[WhiteClock "0:00:18"]
[BlackClock "0:00:08"]

1. e4 e5 2. Nf3 Nc6 3. Bb5 a6 4. Ba4 Nf6 5. O-O Be7 6. Re1 b5 7. Bb3 O-O 8. a4 Bb7 9. d3 d6 10. Bd2 Qd7 11. h3 Nd4 12. Nxd4 exd4 13. c3 dxc3 14. Nxc3 c5 15. Bg5 h6 16. Bh4 Bc6 17. axb5 axb5 18. Rc1 Rfe8 19. Qf3 Rad8 20. Rcd1 Rf8 21. Bg3 Kh8 22. d4 c4 23. Bc2 b4 24. d5 bxc3 25. dxc6 Qxc6 26. bxc3 Rfe8 27. Rd4 Qa6 28. Qf5 g6 29. Qf3 Kg8 30. Bf4 Nd7 31. Bxh6 Bf6 32. Rdd1 Be5 33. Bf4 Qa2 34. Re2 Qa3 35. Bxe5 Nxe5 36. Qg3 Qa7 37. Red2 Re6 38. Kh2 Rde8 39. f4 Nd3 40. Bxd3 cxd3 41. f5 Rf6 42. Rxd3 Rxe4 43. Rxd6 Rxf5 44. Rxg6+ fxg6 45. Qxg6+ Qg7 46. Qxf5 Qe7 47. Rd7 Qe5+ 48. Qxe5 Rxe5 49. Rd2 1-0


[Site "https://www.chess.com"]

[Event "Titled Tuesday Blitz June 21 Early 2022"]
[White "Gabrielian, Artur"]
[Black "Mirzoev, Azer"]
[WhiteFideId "4131002"]
[BlackFideId "13400304"]
[WhiteElo "2440"]
[BlackElo "2525"]
[Result "1/2-1/2"]
[Round "11"]
[TimeControl "180+1"]
[Date "2022.06.21"]
[WhiteClock "0:00:07"]
[BlackClock "0:00:09"]

1. e4 e5 2. Nc3 Nc6 3. g3 Nf6 4. Bg2 Bc5 5. Nge2 d6 6. d3 O-O 7. O-O Nd4 8. Nxd4 Bxd4 9. h3 c6 10. Kh2 d5 11. exd5 Nxd5 12. Nxd5 cxd5 13. c3 Bb6 14. Qf3 Be6 15. Re1 f6 16. Be3 Rc8 17. Rad1 Qc7 18. d4 e4 19. Qh5 f5 20. Bf4 Qf7 21. Qxf7+ Kxf7 22. a4 Bc7 23. Bxc7 Rxc7 24. a5 Rd8 25. Ra1 Rd6 26. Ra3 Kf6 27. h4 h6 28. Rh1 g5 29. hxg5+ hxg5 30. Kg1 Kg6 31. Rh8 Rc8 32. Rxc8 Bxc8 33. Rb3 f4 34. gxf4 gxf4 35. Rb5 Kf6 36. Rc5 Be6 37. Rc7 Rd7 38. Rxd7 Bxd7 39. Bf1 Bg4 40. b4 b6 41. axb6 axb6 42. Bb5 Bh3 43. Kh2 Bg4 44. Kg2 Kg5 45. Kf1 Kf6 46. Ke1 Ke7 47. Bc6 Kd6 48. Bb7 Bd7 49. Ba6 Ba4 50. Be2 Bb3 51. Kd2 Ke6 52. Bb5 Kf6 53. Bc6 Bc4 54. Ke1 Kg5 55. Bd7 e3 56. fxe3 fxe3 57. Be6 Kf4 58. Bf7 Kf3 59. Bh5+ Kf4 60. Bf7 Kf5 61. Bh5 Kf4 62. Bf7 1/2-1/2


[Site "https://www.chess.com"]

[Event "Titled Tuesday Blitz June 21 Early 2022"]
[White "Garcia Cuenca, Victor"]
[Black "Pham, Le Thao Nguyen"]
[WhiteFideId "2250829"]
[BlackFideId "12401226"]
[WhiteElo "2317"]
[BlackElo "2282"]
[Result "1/2-1/2"]
[Round "11"]
[TimeControl "180+1"]
[Date "2022.06.22"]
[WhiteClock "0:00:17"]
[BlackClock "0:00:09"]

1. d4 d5 2. Nf3 Nf6 3. e3 Bg4 4. c4 c6 5. Nc3 e6 6. h3 Bh5 7. g4 Bg6 8. Ne5 Nbd7 9. Nxg6 hxg6 10. Qf3 Bb4 11. Bd2 a5 12. a3 Bd6 13. g5 Ng8 14. e4 dxc4 15. Bxc4 Ne7 16. h4 b5 17. Bb3 b4 18. axb4 axb4 19. Rxa8 Qxa8 20. Na4 c5 21. dxc5 Nxc5 22. Nxc5 Bxc5 23. h5 gxh5 24. Rxh5 Rxh5 25. Qxh5 Qxe4+ 26. Kd1 Qb1+ 27. Ke2 Nf5 28. Ba4+ Ke7 29. Qh8 Qe4+ 30. Kd1 Qb1+ 31. Bc1 Qd3+ 32. Bd2 Qf1+ 33. Be1 Qd3+ 34. Bd2 Nd6 35. Qb8 Qb1+ 36. Bc1 Qd3+ 37. Bd2 Qf1+ 38. Be1 Qd3+ 39. Bd2 1/2-1/2


[Site "https://www.chess.com"]

[Event "Titled Tuesday Blitz June 21 Early 2022"]
[White "Halkias, Stelios"]
[Black "Yaksin, Oleg"]
[WhiteFideId "4201809"]
[BlackFideId "24105880"]
[WhiteElo "2453"]
[BlackElo "2256"]
[Result "1-0"]
[Round "11"]
[TimeControl "180+1"]
[Date "2022.06.21"]
[WhiteClock "0:00:28"]
[BlackClock "0:00:03"]

1. Nf3 d5 2. d4 Nf6 3. c4 e6 4. g3 dxc4 5. Bg2 a6 6. O-O Nc6 7. Nbd2 Nxd4 8. Nxd4 Qxd4 9. Qc2 Be7 10. Nxc4 O-O 11. Bf4 Nd5 12. Be5 Qc5 13. Rac1 Bd7 14. Rfd1 Bb5 15. Qb3 Qb4 16. e4 Nb6 17. Nxb6 cxb6 18. Rc7 Rfd8 19. Rdc1 Qxb3 20. axb3 Bc5 21. Bf4 Bc6 22. e5 Rac8 23. Rxc8 Rxc8 24. Bxc6 bxc6 25. Rd1 a5 26. Kf1 h6 27. h4 Kf8 28. Rd7 Ke8 29. Rb7 b5 30. Ke2 Ra8 31. Be3 Bxe3 32. Kxe3 a4 33. b4 a3 34. bxa3 Rxa3+ 35. Kd4 Rf3 36. Kc5 Rxf2 37. Kxc6 Rf3 38. Rxb5 Rxg3 39. Rb8+ Ke7 40. Rb7+ Ke8 41. b5 g5 42. h5 g4 43. b6 Rc3+ 44. Kb5 Rb3+ 45. Kc4 Rb1 46. Kc5 g3 47. Rb8+ Ke7 48. Rg8 Rb3 49. Kc6 f5 50. exf6+ Kxf6 51. b7 e5 52. Rxg3 Rxg3 53. b8=Q Rg5 54. Qf8+ Ke6 55. Qxh6+ Kf5 56. Qf8+ Kg4 57. h6 Rg6+ 58. Kd5 1-0


[Site "https://www.chess.com"]

[Event "Titled Tuesday Blitz June 21 Early 2022"]
[White "Hansen, Eric"]
[Black "Tinmaz, Kerem"]
[WhiteFideId "2606771"]
[BlackFideId "44559151"]
[WhiteElo "2568"]
[BlackElo "1443"]
[Result "0-1"]
[Round "11"]
[TimeControl "180+1"]
[Date "2022.06.22"]
[WhiteClock "0:00:04"]
[BlackClock "0:00:05"]

1. d4 d5 2. c4 c6 3. Nf3 Nf6 4. e3 Bf5 5. Nc3 e6 6. Nh4 Bg6 7. Nxg6 hxg6 8. h3 Nbd7 9. Bd2 Bd6 10. Qc2 Rc8 11. O-O-O a6 12. e4 dxe4 13. Nxe4 Nxe4 14. Qxe4 Nf6 15. Qf3 Qe7 16. Kb1 Rd8 17. Bd3 Bb4 18. Be3 Qc7 19. g4 Be7 20. h4 e5 21. h5 gxh5 22. g5 Nd7 23. g6 Nf6 24. c5 exd4 25. Bf4 Qd7 26. gxf7+ Kxf7 27. Bc4+ Nd5 28. Bd6+ Ke8 29. Rxh5 Rxh5 30. Qxh5+ Kf8 31. Qf3+ Kg8 32. Bxd5+ cxd5 33. Qxd5+ Kf8 34. Rxd4 Bxd6 35. cxd6 Qf7 36. Qg5 Rd7 37. a4 Kg8 38. f4 Qe6 39. Qe5 Qh6 40. Qd5+ Kf8 41. Ka2 Qf6 42. f5 Qf7 43. Qe6 Rd8 44. Rh4 Qxe6+ 45. fxe6 Rxd6 46. Re4 Ke7 47. Rg4 Kf6 48. Rb4 b6 49. a5 b5 50. Re4 Rxe6 51. Rf4+ Ke7 52. Rg4 Kf7 53. Kb3 g6 54. Kb4 Kf6 55. Kc5 Kf5 56. Rg1 g5 57. Rf1+ Kg4 58. Rg1+ Kh4 59. Rh1+ Kg4 60. Rg1+ Kf5 61. Rf1+ Kg6 62. Rg1 Kh5 63. Kd5 Rg6 64. Rh1+ Kg4 65. Ke4 Re6+ 66. Kd5 Re2 67. Rg1+ Kf4 68. Rf1+ Kg4 69. Rg1+ Kf5 70. Rf1+ Kg6 71. b4 g4 72. Rf8 Kh5 73. Rg8 Rc2 74. Rh8+ Kg5 75. Rg8+ Kf4 76. Rg6 g3 77. Rxa6 g2 78. Rg6 Kf3 79. a6 Ra2 80. Kc5 Rxa6 81. Rg8 Kf2 82. Kxb5 Ra3 83. Rf8+ Rf3 84. Rg8 Rg3 85. Rxg3 Kxg3 86. Kc6 g1=Q 87. b5 Qc1+ 88. Kb7 Kf4 89. b6 Ke5 90. Ka7 Kd6 0-1


[Site "https://www.chess.com"]

[Event "Titled Tuesday Blitz June 21 Early 2022"]
[White "Hoffmann, Asa"]
[Black "Vifleemskaia, Svetlana"]
[WhiteFideId "2001470"]
[BlackFideId "4129490"]
[WhiteElo "2117"]
[BlackElo "1929"]
[Result "1-0"]
[Round "11"]
[TimeControl "180+1"]
[Date "2022.06.22"]
[WhiteClock "0:02:05"]
[BlackClock "0:00:59"]

1. d4 Nf6 2. Bg5 Ne4 3. Bf4 d5 4. f3 Nf6 5. e4 dxe4 6. Nc3 c5 7. dxc5 Qxd1+ 8. Rxd1 a6 9. fxe4 Nc6 10. e5 Ng4 11. Nd5 f6 12. Nc7+ Kf7 13. Bc4+ e6 14. Nxa8 fxe5 15. Bc1 Bxc5 16. Nf3 Nf2 17. Rf1 Nxd1 18. Nxe5+ Ke7 19. Bg5+ Ke8 20. Nc7# 1-0


[Site "https://www.chess.com"]

[Event "Titled Tuesday Blitz June 21 Early 2022"]
[White "Ibrahimli, Murad"]
[Black "Korchmar, Vasiliy"]
[WhiteFideId "13410229"]
[BlackFideId "24131750"]
[WhiteElo "2109"]
[BlackElo "2370"]
[Result "1-0"]
[Round "11"]
[TimeControl "180+1"]
[Date "2022.06.21"]
[WhiteClock "0:00:26"]
[BlackClock "0:00:01"]

1. c4 c6 2. Nf3 d5 3. Qc2 Nf6 4. d4 e6 5. Bg5 Be7 6. e3 O-O 7. Nc3 Nbd7 8. cxd5 exd5 9. Bd3 Re8 10. Bf4 a5 11. O-O Nf8 12. h3 Ne6 13. Bh2 g6 14. Qb3 Ng7 15. Ne5 Ra7 16. a3 Bf5 17. Be2 h5 18. Rac1 h4 19. Rfd1 Ne6 20. Na4 Kg7 21. Bd3 Bxd3 22. Nxd3 Ne4 23. f3 Nd6 24. Nac5 Nxc5 25. Nxc5 Bg5 26. Rc3 Nc4 27. e4 b6 28. Na4 b5 29. Nc5 a4 30. Qa2 Be3+ 31. Kh1 dxe4 32. fxe4 Qg5 33. e5 1-0


[Site "https://www.chess.com"]

[Event "Titled Tuesday Blitz June 21 Early 2022"]
[White "Itkis, Boris"]
[Black "Coto Mederos, Michel"]
[WhiteFideId "1209167"]
[BlackFideId "3508528"]
[WhiteElo "2207"]
[BlackElo "2427"]
[Result "1/2-1/2"]
[Round "11"]
[TimeControl "180+1"]
[Date "2022.06.22"]
[WhiteClock "0:01:03"]
[BlackClock "0:00:05"]

1. Nf3 d5 2. b3 Nf6 3. Bb2 e6 4. e3 Be7 5. d4 b6 6. Nbd2 Bb7 7. Bd3 Nbd7 8. O-O Ne4 9. c4 O-O 10. Ne1 Bd6 11. f3 Nxd2 12. Qxd2 Qg5 13. f4 Qe7 14. Nf3 Nf6 15. Ne5 Ne4 16. Bxe4 dxe4 17. Rac1 f6 18. Ng4 Rfd8 19. Qc2 Ba3 20. c5 Bxb2 21. Qxb2 Ba6 22. Rfd1 bxc5 23. Rxc5 Qxc5 24. dxc5 Rxd1+ 25. Kf2 Kf7 26. Qa3 Rd2+ 27. Kg3 Bf1 28. Nf2 h5 29. h4 Rad8 30. Qa5 R8d7 31. Qxa7 Re2 32. c6 Rdd2 33. Qxc7+ Kg6 34. f5+ exf5 35. Qe7 Rxf2 36. Qe8+ Kh6 37. Qh8+ Kg6 38. Qe8+ Kh6 39. Qh8+ Kg6 40. Qe8+ 1/2-1/2


[Site "https://www.chess.com"]

[Event "Titled Tuesday Blitz June 21 Early 2022"]
[White "Jakubowska, Anna"]
[Black "Sovetbekova, Nurai"]
[WhiteFideId "1121952"]
[BlackFideId "13801910"]
[WhiteElo "1878"]
[BlackElo "1646"]
[Result "1-0"]
[Round "11"]
[TimeControl "180+1"]
[Date "2022.06.22"]
[WhiteClock "0:00:10"]
[BlackClock "0:00:13"]

1. e4 c5 2. Nc3 d6 3. g3 Nc6 4. Bg2 g6 5. d3 Bg7 6. Nh3 e6 7. O-O Nge7 8. Be3 O-O 9. Qd2 b6 10. Bh6 d5 11. exd5 exd5 12. Bxg7 Kxg7 13. Rfe1 Bb7 14. Nf4 d4 15. Ne4 Qc7 16. Ng5 Kg8 17. Bh3 Ne5 18. Bg2 Bxg2 19. Kxg2 h6 20. Ne4 Qc6 21. Nh3 f5 22. Qxh6 fxe4 23. Rxe4 Ng4 24. Qh4 Nf6 25. Ng5 Nf5 26. Qh3 Rae8 27. Kg1 Rxe4 28. dxe4 Ng7 29. e5 Nfh5 30. f4 d3 31. cxd3 Qd5 32. Qf1 Qd4+ 33. Kg2 Nf5 34. Qf3 Ne3+ 35. Kh1 Nd5 36. Ne6 Qe3 37. Qxe3 Nxe3 38. Nxf8 Kxf8 39. Re1 Nc2 40. Re2 Nd4 41. Re1 Ke7 42. Kg2 Ke6 43. Kf2 Ng7 44. g4 Nc2 45. Re2 Nb4 46. Ke3 Nd5+ 47. Kf3 Nb4 48. Rd2 g5 49. fxg5 Kxe5 50. Re2+ Kd6 51. h4 Nc6 52. h5 Nd4+ 53. Ke3 Nxe2 54. Kxe2 Ke6 55. h6 Kf7 56. hxg7 Kxg7 57. Kf3 Kg6 58. Kf4 b5 59. b3 a5 60. a3 a4 61. bxa4 b4 62. axb4 cxb4 63. Ke3 b3 64. Kd2 Kxg5 65. Kc3 Kxg4 66. Kxb3 Kf5 67. Kc4 Ke6 68. Kc5 Kd7 69. Kb6 Kc8 70. a5 Kb8 71. d4 Ka8 72. d5 Kb8 73. d6 Ka8 74. d7 Kb8 75. d8=Q# 1-0


[Site "https://www.chess.com"]

[Event "Titled Tuesday Blitz June 21 Early 2022"]
[White "Jakubowski, Krzysztof"]
[Black "Flynn, Jacob"]
[WhiteFideId "1112848"]
[BlackFideId "2509393"]
[WhiteElo "2365"]
[BlackElo "1896"]
[Result "1-0"]
[Round "11"]
[TimeControl "180+1"]
[Date "2022.06.22"]
[WhiteClock "0:00:39"]
[BlackClock "0:00:01"]

1. e4 e5 2. Nf3 Nc6 3. Bc4 Nf6 4. Ng5 d5 5. exd5 Na5 6. Bb5+ c6 7. dxc6 bxc6 8. Bd3 Nd5 9. h4 h6 10. Qh5 Qf6 11. Nh7 Rxh7 12. Bxh7 g6 13. Qe2 h5 14. d4 Bd6 15. Bd2 Nb7 16. Nc3 Be6 17. Ne4 Qe7 18. c4 Nf4 19. Bxf4 exf4 20. O-O Kf8 21. Ng5 Kg7 22. Rfe1 Re8 23. Bxg6 Kxg6 24. Qe4+ Bf5 25. Qxc6 Qxe1+ 26. Rxe1 Rxe1+ 27. Kh2 f3+ 28. g3 Re2 29. Qxf3 Re6 30. Nxe6 fxe6 31. Qxb7 Bf8 32. c5 1-0


[Site "https://www.chess.com"]